 Dungeon Crawl Stone Soup version 0.26-a0-771-g060e6a6 (webtiles) character file.

Game seed: 17196535283876793314

6 MrTaco21 the Shield-Bearer (level 1, -2/14 HPs)
             Began as a Gargoyle Fighter on Nov 8, 2020.
             Slain by a kobold
             ... wielding a +0 whip
              (4 damage)
             ... on level 1 of the Dungeon.
             The game lasted 00:00:23 (54 turns).

MrTaco21 the Shield-Bearer (Gargoyle Fighter)         Turns: 54, Time: 00:00:23

Health: -2/14      AC:  9    Str: 19    XL:     1   Next: 90%
Magic:  1/1        EV:  7    Int:  8    God:
Gold:   14         SH:  9    Dex:  9    Spells: 0/0 levels left

rFire    . . .     SeeInvis .   a - +0 flail
rCold    . . .     Faith    .   c - +0 kite shield
rNeg     + . .     Spirit   .   b - +0 scale mail
rPois    ∞         Reflect  .   (no helmet)
rElec    +         Harm     .   (no cloak)
rCorr    .         Rampage  .   (no gloves)
MR       .....                  (no boots)
Stlth    ..........             (no amulet)
HPRegen  0.04/turn              (no ring)
MPRegen  0.07/turn              (no ring)

@: no status effects
A: negative energy resistance 1, electricity resistance, unbreathing,
petrification resistance, rot immunity, AC +2
a: no special abilities


You were on level 1 of the Dungeon.
You visited 1 branch of the dungeon, and saw 1 of its levels.

You collected 14 gold pieces.

Inventory:

Hand Weapons
 a - a +0 flail (weapon)
Armour
 b - a +0 scale mail (worn)
 c - a +0 kite shield (worn)
Potions
 d - a potion of might
 e - a potion of berserk rage {unknown}


   Skills:
 - Level 3.2 Fighting
 + Level 2.6 Maces & Flails
 - Level 3.2 Armour
 - Level 3.2 Shields


You couldn't memorise any spells.
You didn't know any spells.
Your spell library was empty.

Dungeon Overview and Level Annotations

Branches:
Dungeon (1/15)

Altars:


Innate Abilities, Weirdness & Mutations

You are resistant to torment.
Your stone body is resilient. (AC +2)
You are immune to poison.
You resist negative energy. (rN+)
You are resistant to electric shocks. (rElec)
You can survive without breathing.
You are immune to petrification.
You are immune to rotting.


Message History

You barely miss the kobold. The bat barely misses you.
The leopard gecko barely misses you. The bat hits you.
* * * LOW HITPOINT WARNING * * *
The kobold closely misses you. You block the kobold's attack.
The leopard gecko bites you but does no damage.
The kobold hits you but does no damage.
You block the bat's attack. x2; The kobold hits you.
* * * LOW HITPOINT WARNING * * *
You block the bat's attack. The bat hits you.
* * * LOW HITPOINT WARNING * * *
The kobold throws a stone.
The stone hits you but does no damage.
You see here a stone.
You block the bat's attack. The bat hits you but does no damage.
You barely miss the bat. The bat hits you but does no damage.
You block the bat's attack. x2; You block the kobold's attack.
A bat comes into view.
The bat completely misses you. You block the bat's attack. x2
You block the bat's attack. x2; The bat closely misses you.
The bat hits you but does no damage.
Found 13 gold pieces.
You block the bat's attack. The bat hits you but does no damage.
The bat hits you but does no damage. You block the bat's attack.
Found a spear.
The bat hits you.
* * * LOW HITPOINT WARNING * * *
The bat hits you but does no damage.
Unknown command.
You block the bat's attack. The bat barely misses you.
The bat hits you but does no damage. x2
The leopard gecko hisses menacingly.
The bat hits you but does no damage. You block the bat's attack.
The bat hits you but does no damage. You block the bat's attack.
You see here a bat corpse.
The bat hits you but does no damage. x2; The bat barely misses you.
You block the kobold's attack. You block the bat's attack.
The bat hits you but does no damage. x3
You block the bat's attack. The bat hits you but does no damage.
The bat hits you but does no damage. You block the bat's attack. x2
The bat closely misses you. The bat barely misses you.
The bat hits you but does no damage. You block the bat's attack.
You block the bat's attack.
You sock the bat!
You kill the bat!
The bat closely misses you. The goblin closely misses you.
You sock the goblin!
You kill the goblin!
You block the bat's attack. The kobold hits you but does no damage.
Unknown command.
You hit the kobold. The kobold hits you with a +0 whip.
You die...

.. #. .. ##. .# §§
..§.. ♣.♣§§.
.○§°§♣♣♣♣.♣♣.°§#
..○♣..∩.∩.○♣♣.#
#§♣♣∩...∩♣♣...
...#....#♣♣§∩..8..∩.♣..
....$...#@♣∩.......∩.♣
...#....#♣KK.8.<.8..♣♣
.........♣l∩.......∩...
..........♣♣§§.8..∩♣♣♣.
........##..♣§...∩..♣
......)..#§♣.§§†∩♣♣♣§§
......†(☼§☼.♣♣♣.§♣ §§#
>..#....#§§♣♣...♣§§♣ §#
........##☼§K♣♣.♣♣§§☼.


You could see a leopard gecko and 2 kobolds.

Vanquished Creatures
  A goblin (D:1)
  A hobgoblin (D:1)
  A ball python (D:1)
  3 bats (D:1)
6 creatures vanquished.

Notes
Turn   | Place    | Note
-------+----------+-------------------------------------------
     0 | D:1      | MrTaco21 the Gargoyle Fighter began the quest for the Orb.
     0 | D:1      | Reached XP level 1. HP: 14/14 MP: 1/1
    54 | D:1      | Slain by a kobold

Illustrated notes

Levels and vault maps discovered:
D:1:      heliophobic_arrival_enchanted_forest, layout_rooms

Action                   || total
-------------------------++-------
Melee: Flail             ||    22
Armor: Scale mail        ||    57
Dodge: Dodged            ||    24
Block: Kite shield       ||    51

Table legend: (Time is in decaauts)
 A = Elapsed time spent in this place.
 B = Non-inter-level travel time spent in this place.
 C = Inter-level travel time spent in this place.
 D = Time resting spent in this place.
 E = Time spent auto-exploring this place.
 F = Levels seen in this place.
 G = Mean time per level.
                   A        B        C        D        E       F      G
               +--------+--------+--------+--------+--------+-----+--------+
         Total |     61 |     61 |      0 |      0 |      8 |   1 |   61.0 |
       Dungeon |     61 |     61 |      0 |      0 |      8 |   1 |   61.0 |
               +--------+--------+--------+--------+--------+-----+--------+

Top non-repeatable levels by time:
     D:1: 61 daAuts
